 Dungeon Crawl Stone Soup version 0.29-a0-275-g389c0b56f3 (webtiles) character file.

Game seed: 11947023824244517093

2171 ders the Geomancer (level 9, 0/45 HPs)
             Began as a Gargoyle Earth Elementalist on Mar 10, 2022.
             Slain by a gnoll
             ... wielding a +0 spear
              (8 damage)
             ... on level 6 of the Dungeon.
             The game lasted 00:13:46 (9143 turns).

ders the Geomancer (Gargoyle Earth Elementalist)    Turns: 9143, Time: 00:13:47

Health: 0/45       AC: 10    Str: 12    XL:     9   Next: 32%
Magic:  1/17       EV: 12    Int: 20    God:
Gold:   279        SH:  0    Dex: 16    Spells: 12/19 levels left

rFire   . . .      SeeInvis .   v - +3 scimitar (flame)
rCold   . . .      Faith    .   (no shield)
rNeg    + . .      Spirit   .   b - +0 robe
rPois   ∞          Reflect  .   (no helmet)
rElec   +          Harm     .   u - +1 cloak
rCorr   .          Rampage  .   (no gloves)
Will    .....                   (no boots)
Stlth   ++........              (no amulet)
HPRegen 0.15/turn               d - +6 ring of dexterity
MPRegen 0.15/turn               (no ring)

@: no status effects
A: sickness immunity, AC +6, negative energy resistance 1, electricity
resistance, torment resistance 1, petrification resistance
a: no special abilities


You were on level 6 of the Dungeon.
You visited 1 branch of the dungeon, and saw 6 of its levels.

You collected 279 gold pieces.

Inventory:

Hand Weapons
 t - a +2 flail of protection
 v - a +3 scimitar of flaming (weapon)
Missiles
 a - 99 stones
 c - 13 throwing nets
Armour
 b - a +0 robe (worn)
 g - an orb of energy
 u - a +1 cloak (worn)
Jewellery
 d - a +6 ring of dexterity (left hand)
 l - an amulet of regeneration
 y - an amulet of reflection
Wands
 s - a wand of iceblast (17)
Scrolls
 h - a scroll of magic mapping {unknown}
Potions
 e - a potion of cancellation
 f - a potion of curing {unknown}
 o - 2 potions of attraction
 r - a potion of invisibility {unknown}


   Skills:
 - Level 1.7 Dodging
 - Level 2.4 Stealth
 + Level 5.8 Spellcasting
 * Level 7.9 Conjurations
 - Level 1.0 Transmutations
 + Level 4.0 Fire Magic
 + Level 8.0 Earth Magic


You had 12 spell levels left.
You knew the following spells:

 Your Spells              Type           Power      Damage    Failure   Level
a - Sandblast             Erth           76%        2d16      1%          1
b - Stone Arrow           Conj/Erth      74%        3d11      1%          3
c - Passwall              Tmut/Erth      20%        N/A       2%          2
d - Foxfire               Conj/Fire      100%       2x1d9     1%          1

Your spell library contained the following spells:

 Spells                   Type           Power      Damage    Failure   Level
 Conjure Flame            Conj/Fire      29%        6-21      2%          3
 Flame Wave               Conj/Fire      29%        2d8       10%         4
 Apportation              Tloc           10%        N/A       11%         1
 Slow                     Hex            20%        N/A       11%         1
 Wereblood                Tmut           9%         N/A       11%         2
 Inner Flame              Hex/Fire       13%        N/A       14%         3
 Petrify                  Tmut/Erth      24%        N/A       16%         4
 Alistair's Intoxication  Tmut/Pois      4%         N/A       94%         5
 Summon Hydra             Summ           2%         N/A       100%        7
 Sublimation of Blood     Necr           Unusable   N/A       N/A         2

Dungeon Overview and Level Annotations

Branches:
Dungeon (6/15)
 Temple: D:4-7

Altars:
Qazlal
Sif Muna
Trog
Wu Jian
Zin

Annotations:
D:6 Pikel


Innate Abilities, Weirdness & Mutations

You are immune to sickness and miasma.
Your stone body is resilient. (AC +6)
You are immune to poison.
You resist negative energy. (rN+)
You are resistant to electric shocks. (rElec)
You are resistant to unholy torment.
You are immune to petrification.


Message History

Aim: a lemure (severely wounded, 77% to hit)
The blast of sand hits the lemure!!
You kill the lemure!
That felt strangely unrewarding.
The lemure hits you.
Unknown command.
Okay, then.
As you read the scroll of fog, it crumbles to dust.
The scroll dissolves into smoke.
Pikel says, "Hell isn't that bad."
The lemure hits you. The lemure attacks as you move away!
The lemure completely misses you.
Casting: Sandblast (safe; 1% risk of failure)
Confirm with . or Enter, or press ? or * to list all spells.
Aiming: Stone Arrow (safe; 1% risk of failure)
Press: ? - help, Shift-Dir - straight line, f - Pikel
Aim: Pikel, wielding a +0 whip of freezing and wearing a +0 robe (purple smoke, unusually resistant, 67% to hit)
The stone arrow hits Pikel!!
Pikel is heavily wounded.
Pikel hits you with a +0 whip of freezing.
Pikel freezes you. The lemure closely misses you.
The lemure hits you but does no damage. The gnoll closely misses you.
You barely miss Pikel.
Pikel is heavily wounded.
Pikel barely misses you. The gnoll hits you but does no damage.
The lemure hits you but does no damage. The lemure closely misses you. x2
The lemure hits you. Pikel hits you but does no damage.
The lemure hits you but does no damage. x2
The gnoll hits you from afar with a +0 spear.
You hit Pikel but do no damage.
Pikel is heavily wounded.
Pikel hits you but does no damage. The lemure hits you.
The lemure hits you but does no damage. The lemure barely misses you.
The gnoll hits you from afar with a +0 spear.
* * * LOW HITPOINT WARNING * * *
You slash Pikel! You burn Pikel.
Pikel is almost dead.
Pikel barely misses you. The lemure hits you.
* * * LOW HITPOINT WARNING * * *
The gnoll hits you from afar with a +0 spear!
You die...

#.####.####.#.#
#.........).#.#
#############.##########
.....................
#.................#
##..................
##........g§§§.....##
#.........§5§§.......
###......§§K@§§......
##..#...##§55§###....
##........##§§## #..#
#.......5..#.## #.
#....##......#
#.....#...(...##
#....###.......#...
#..##. #...)....... #..
#..............


You could see Pikel (resistant), 3 lemures and a gnoll.

Vanquished Creatures
  Grinder (D:4)
  A black bear (D:5)
  An ice beast (D:6)
  A sky beast (D:5)
  An ogre (D:5)
  A lemure (D:6)
  3 gnoll sergeants (D:6)
  7 wights (D:5)
  An electric eel (D:6)
  6 hounds
  An orc priest (D:5)
  2 jellies (D:5)
  2 gnoll shamans (D:6)
  Jessica (D:3)
  5 iguanas
  2 orc wizards (D:5)
  16 adders
  21 gnolls
  2 white imps
  2 worms (D:3)
  5 dart slugs
  17 orcs
  5 bats
  14 endoplasms
  3 giant cockroaches
  10 goblins
  9 hobgoblins
  5 jackals
  3 quokkas
  10 ball pythons
  3 frilled lizards
  6 kobolds
  9 rats
176 creatures vanquished.

Vanquished Creatures (collateral kills)
  4 foxfires (D:5)
4 creatures vanquished.

Vanquished Creatures (others)
  6 foxfires (D:5)
6 creatures vanquished.

Grand Total: 186 creatures vanquished

Notes
Turn   | Place    | Note
-------+----------+-------------------------------------------
     0 | D:1      | ders the Gargoyle Earth Elementalist began the quest for
                  | the Orb.
     0 | D:1      | Reached XP level 1. HP: 10/10 MP: 3/3
   205 | D:1      | Reached skill level 1 in Transmutations
   205 | D:1      | Reached XP level 2. HP: 1/15 MP: 1/5
   636 | D:1      | Found a faded altar of an unknown god.
  1016 | D:1      | Reached skill level 4 in Earth Magic
  1044 | D:1      | Reached XP level 3. HP: 19/19 MP: 4/6
  1296 | D:1      | Reached skill level 1 in Conjurations
  1814 | D:2      | Reached XP level 4. HP: 24/24 MP: 5/8
  2009 | D:2      | Learned a level 3 spell: Stone Arrow
  2778 | D:3      | Reached XP level 5. HP: 28/28 MP: 5/9
  2937 | D:3      | Found a shimmering blue altar of Sif Muna.
  3323 | D:3      | Learned a level 2 spell: Passwall
  3626 | D:3      | Noticed Jessica
  3627 | D:3      | Killed Jessica
  3628 | D:3      | Reached skill level 5 in Earth Magic
  3857 | D:3      | Got Sif Muna's Collected Works on Curses
  3862 | D:3      | Found a bloodstained altar of Trog.
  4314 | D:4      | Reached XP level 6. HP: 32/32 MP: 7/11
  4598 | D:4      | Noticed Grinder
  4605 | D:4      | Killed Grinder
  4606 | D:4      | Reached XP level 7. HP: 36/36 MP: 1/13
  4784 | D:4      | Reached skill level 6 in Earth Magic
  4929 | D:4      | Found a stormy altar of Qazlal.
  5998 | D:5      | Entered Level 5 of the Dungeon
  6159 | D:4      | Learned a level 1 spell: Foxfire
  6484 | D:5      | Found an ornate altar of the Wu Jian Council.
  6495 | D:5      | Reached skill level 1 in Fire Magic
  6556 | D:5      | Reached skill level 5 in Conjurations
  6842 | D:5      | Reached XP level 8. HP: 31/41 MP: 3/15
  7171 | D:5      | Reached skill level 7 in Earth Magic
  7176 | D:5      | Reached skill level 5 in Spellcasting
  7435 | D:5      | Found a glowing silver altar of Zin.
  7970 | D:6      | HP: 2/61 [gnoll sergeant/+0 spear (5)]
  8311 | D:6      | HP: 2/41 [gnoll sergeant/+2 spear of flaming (1)]
  8312 | D:6      | Reached XP level 9. HP: 2/45 MP: 8/17
  9052 | D:6      | Reached skill level 8 in Earth Magic
  9123 | D:6      | Noticed Pikel
  9143 | D:6      | Slain by a gnoll

Illustrated notes

Levels and vault maps discovered:
D:1:      dpeg_arrival_arbitrary_c, layout_basic, shapermc_ecumenical_altar_gd
D:2:      layout_basic, serial_park_tiny_2
D:3:      layout_basic, nzn_overflow_gifts_of_might_and_magic, uniq_jessica
D:4:      layout_layer_cave, nicolae_qazlal_scattered_showers,
          minmay_snake_closets, uniq_grinder
D:5:      layout_loops_ring, mainiacjoe_overflow_big_doors
D:6:      layout_cave_pools, serial_gnoll_camp, gnoll_camp_mini_shop,
          gnoll_camp_mini_loothouse, gnoll_camp_medium_01, gnoll_camp_huts_moat,
          serial_shops, nicolae_shop_hallway_stairs, roderic_lattice_a,
          nicolae_underground_beach, uniq_pikel

Skill      XL: |  1  2  3  4  5  6  7  8  9 |
---------------+----------------------------+-----
Transmutations | 1 |  1.0
Earth Magic    | 4 5 6 7 8 |  8.0
Conjurations   | 1 2 3 5 7 |  7.9
Spellcasting   | 3 4 5 |  5.8
Fire Magic     | 1 3 4 |  4.0
Dodging        | |  1.7
Stealth        | |  2.4

Action                   |  1- 3 |  4- 6 |  7- 9 || total
-------------------------+-------+-------+-------++-------
Melee: Unarmed           |     3 |       |       ||     3
       Hand axe          |       |    12 |       ||    12
       Punch             |       |     1 |       ||     1
       Mace              |       |    12 |     9 ||    21
       Scimitar          |       |       |    43 ||    43
 Cast: Sandblast         |    51 |    30 |    33 ||   114
       Stone Arrow       |       |    39 |    91 ||   130
       Foxfire           |       |       |     6 ||     6
  Use: Potion            |     1 |       |     7 ||     8
       Scroll            |       |     2 |    14 ||    16
 Stab: Sleeping          |       |       |     1 ||     1
Armor: Robe              |     1 |    13 |    40 ||    54
       Skin              |       |       |    14 ||    14
Dodge: Dodged            |    12 |    33 |    54 ||    99

Table legend: (Time is in decaauts)
 A = Elapsed time spent in this place.
 B = Non-inter-level travel time spent in this place.
 C = Inter-level travel time spent in this place.
 D = Time resting spent in this place.
 E = Time spent auto-exploring this place.
 F = Levels seen in this place.
 G = Mean time per level.
                   A        B        C        D        E       F      G
               +--------+--------+--------+--------+--------+-----+--------+
         Total |   9169 |   8816 |    353 |   1990 |   5748 |   6 | 1528.2 |
       Dungeon |   9169 |   8816 |    353 |   1990 |   5748 |   6 | 1528.2 |
               +--------+--------+--------+--------+--------+-----+--------+

Top non-repeatable levels by time:
     D:4: 1911 daAuts
     D:3: 1676 daAuts
     D:5: 1647 daAuts
     D:1: 1420 daAuts
     D:6: 1369 daAuts
     D:2: 1143 daAuts
